 Dungeon Crawl Stone Soup version 0.27-a0-412-g8dd771eca2 (webtiles) character file.

Game seed: 5083282952115284762

21 wampuh the Chopper (level 2, 0/27 HPs)
             Began as a Hill Orc Monk on Feb 24, 2021.
             Slain by an orc wizard
             ... wielding a +0 dagger
              (4 damage)
             ... on level 1 of the Dungeon.
             The game lasted 00:01:19 (1554 turns).

wampuh the Chopper (Hill Orc Monk)                  Turns: 1554, Time: 00:01:20

Health: 0/27       AC:  3    Str: 13    XL:     2   Next: 87%
Magic:  2/2        EV: 12    Int: 10    God:
Gold:   41         SH:  5    Dex: 13    Spells: 1/1 levels left

rFire    + . .     SeeInvis .   a - +0 hand axe
rCold    + . .     Faith    .   (no shield)
rNeg     . . .     Spirit   .   b - +0 robe
rPois    +         Reflect  +   (no helmet)
rElec    +         Harm     .   (no cloak)
rCorr    +         Rampage  .   (no gloves)
Will     .....                  j - +0 pair of boots
Stlth    ++........             e - amulet of reflection
HPRegen  0.09/turn              (no ring)
MPRegen  0.08/turn              (no ring)

@: resistant, very slightly contaminated, invisible
A: no striking features
a: no special abilities


You were on level 1 of the Dungeon.
You visited 1 branch of the dungeon, and saw 2 of its levels.

You collected 41 gold pieces.

Inventory:

Hand Weapons
 a - a +0 hand axe (weapon)
Armour
 b - a +0 robe (worn)
 j - a +0 pair of boots (worn)
Jewellery
 e - an amulet of reflection (around neck)
Scrolls
 g - a scroll of teleportation {unknown}
Potions
 d - a potion of berserk rage {unknown}
 h - a potion of curing {unknown}
 i - 2 potions of degeneration {unknown}
 k - a potion of brilliance {unknown}
 l - 2 potions of flight {unknown}


   Skills:
 + Level 4.1 Fighting
 + Level 4.5 Axes
 + Level 1.3 Armour
 - Level 2.4 Dodging
 - Level 1.5 Stealth


You had one spell level left.
You didn't know any spells.
Your spell library was empty.

Dungeon Overview and Level Annotations

Branches:
Dungeon (2/15)

Altars:


Message History

The kobold hits you but does no damage.
You barely miss the orc wizard.
The orc wizard is moderately wounded.
You hit the kobold.
You kill the kobold!
The orc wizard gestures at you while chanting.
The puff of flame hits you.
You closely miss the orc wizard.
The orc wizard is moderately wounded.
The orc wizard hits you with a +0 dagger.
You hit the orc wizard but do no damage.
The orc wizard is moderately wounded.
The orc wizard casts a spell at you. The magic dart hits you!
* * * LOW HITPOINT WARNING * * *
You are too injured to fight recklessly!
You hit the orc wizard but do no damage.
The orc wizard is moderately wounded.
The orc wizard points at you and mumbles some strange words.
You resist with significant effort.
You hit the orc wizard.
The orc wizard is heavily wounded.
The orc wizard hits you but does no damage.
You hit the orc wizard.
The orc wizard is almost dead.
The orc wizard points at itself and mumbles some strange words.
The orc wizard flickers and vanishes!
Deactivating autopickup; reactivate with Ctrl-A.
It was a potion of invisibility.
You fade into invisibility!
You hear some strange, mumbled words.
A puff of flame appears from out of thin air!
The puff of flame misses you.
You are very lightly contaminated with residual magic.
You barely miss something. Something hits you.
* * * LOW HITPOINT WARNING * * *
It was a potion of resistance.
You feel protected. Something hits you.
You die...

#.# #.........'.....'...'
#.# ####.######[....#####
#.# ##'######.....##...
#.# #.............##...
#.# #..............+...
#.# #..............#...
#.# ##'##....(..##.#...
#.# #{##.####.###.#... #.#
###@)...........+...
#.#####....#......###.#...
#.##.......#..#####...#...
#.##.......#..#####...#...
#.##.......#......#...####
#.#####....#......#...# ##
#.# #.........[.#...# #.
#.# ###'#.......#.### #.
#.# #.#.......#.# #.


There were no monsters in sight!

Vanquished Creatures
  A leopard gecko (D:2)
  An orc (D:1)
  3 bats (D:1)
  A giant cockroach (D:1)
  3 hobgoblins (D:1)
  2 kobolds (D:1)
  6 goblins
17 creatures vanquished.

Notes
Turn   | Place    | Note
-------+----------+-------------------------------------------
     0 | D:1      | wampuh the Hill Orc Monk began the quest for the Orb.
     0 | D:1      | Reached XP level 1. HP: 19/19 MP: 1/1
   485 | D:1      | Reached XP level 2. HP: 27/27 MP: 2/2
   554 | D:1      | Reached skill level 1 in Armour
  1554 | D:1      | Slain by an orc wizard

Illustrated notes

Levels and vault maps discovered:
D:1:      ebering_hopf_link, layout_basic, feat_on_display
D:2:      layout_basic, eat_drink_and_be_merry_uskayaw,
          amethyst_overflow_temple_binary, uniq_robin

Skill      XL: |  1  2 |
---------------+-------+-----
Armour         | 1 |  1.3
Fighting       | 4 |  4.1
Axes           | |  4.5
Dodging        | |  2.4
Stealth        | |  1.5

Action                   || total
-------------------------++-------
Melee: Hand axe          ||    83
  Use: Potion            ||     2
 Stab: Sleeping          ||     2
Armor: Robe              ||    12
Dodge: Dodged            ||    41
Block: Other             ||    11

Table legend: (Time is in decaauts)
 A = Elapsed time spent in this place.
 B = Non-inter-level travel time spent in this place.
 C = Inter-level travel time spent in this place.
 D = Time resting spent in this place.
 E = Time spent auto-exploring this place.
 F = Levels seen in this place.
 G = Mean time per level.
                   A        B        C        D        E       F      G
               +--------+--------+--------+--------+--------+-----+--------+
         Total |   1562 |   1528 |     34 |    321 |   1017 |   2 |  781.0 |
       Dungeon |   1562 |   1528 |     34 |    321 |   1017 |   2 |  781.0 |
               +--------+--------+--------+--------+--------+-----+--------+

Top non-repeatable levels by time:
     D:1: 1412 daAuts
     D:2: 149 daAuts
